Cogmind - Beta 10.2 @@@ ROGUE MODE // 2022.02.01 @ 20:32:07 Player: magnificent.frigatebird Result: Destroyed by D-53 Grenadier with Mini Grenade Launcher Performance ------------- Evolutions (0) 0 Regions Visited (4) 800 Robots Destroyed (14) 70 Value Destroyed (292) 292 Prototype IDs (2) 40 Alien Tech Used (0) 0 Bonus (300) 300 TOTAL SCORE: 1502 Bonus ------- Aligned with FarCom 300 Cogmind --------- Core Integrity 0/250 Matter 400/400 Energy 99/100 System Corruption 0% Temperature Cool (0) Movement Core (50) Location -9/Mines Parts ------- > --- POWER (1) -------- (None) > --- PROPULSION (2) --- (None) > --- UTILITY (2) ------ Medium Matter Pod Modified TNC > --- WEAPON (2) ------- (None) > --- INVENTORY (4) ---- Signal Interpreter Shield Generator Skeleton Box Mining Laser Peak State ------------ > --- POWER ------------ Light Ion Engine > --- PROPULSION ------- Aluminum Leg Aluminum Leg > --- UTILITY ---------- Medium Matter Pod Modified TNC > --- WEAPON ----------- Particle Cannon Improved Light Cannon > --- INVENTORY -------- Shield Generator Skeleton Box Medium Laser Mining Laser [Rating: 15] Favorites ----------- Power Light Ion Engine Engine Light Ion Engine Propulsion Aluminum Leg Leg Aluminum Leg Utility Medium Matter Pod Device Shield Generator Storage Medium Matter Pod Processor Modified TNC Weapon Improved Light Cannon Energy Gun Medium Laser Energy Cannon Beam Cannon Ballistic Gun Light Assault Rifle Ballistic Cannon Improved Light Cannon Build | -11 -10 -10 -10 -9 ------- Run | Scr Mat Min Exi Min Slots Evolved . | . . . . . Power . | . . . . . Propulsion . | . . . . . Utility . | . . . . . Weapon . | . . . . . Parts Attached 18 | 7 5 1 4 1 Power 1 | 1 . . . . Engine 1 | 1 . . . . Core . | . . . . . Reactor . | . . . . . Propulsion 3 | 3 . . . . Treads . | . . . . . Leg 3 | 3 . . . . Wheel . | . . . . . Hover . | . . . . . Flight . | . . . . . Utility 8 | 1 3 . 4 . Device 2 | . 1 . 1 . Storage 5 | 1 2 . 2 . Processor 1 | . . . 1 . Hackware . | . . . . . Protection . | . . . . . Artifact . | . . . . . Weapon 6 | 2 2 1 . 1 Energy Gun 2 | 1 . 1 . . Energy Cannon 2 | . 1 . . 1 Ballistic Gun 1 | 1 . . . . Ballistic Cannon 1 | . 1 . . . Launcher . | . . . . . Special Weapon . | . . . . . Impact Weapon . | . . . . . Slashing Weapon . | . . . . . Piercing Weapon . | . . . . . Special Melee Weapon . | . . . . . Unidentified Prototypes 2 | . . . 2 . Parts Lost 5 | . . . . 5 Power 1 | . . . . 1 Propulsion 2 | . . . . 2 Utility . | . . . . . Weapon 2 | . . . . 2 Highest Loss Streak 5 | . . . . 5 Average Slot Usage (%) 99 | . 97 100 100 100 Engine 14 | . 14 14 14 14 Leg 28 | . 28 28 28 28 Device 9 | . 12 14 9 . Storage 13 | . 13 14 14 14 Processor 3 | . . . 4 14 Energy Gun 11 | . 3 7 14 2 Energy Cannon 2 | . 10 6 . 12 Ballistic Cannon 13 | . 13 14 14 14 Naked Turns . | . . . . . Heaviest Build 14 | 7 14 14 13 13 Greatest Support 20 | 20 20 20 20 20 Greatest Overweight (x) 1 | . . . . 1 Average Overweight (x) . | . . . . . Largest Inventory Capacity 4 | 4 4 4 4 4 Average Capacity 4 | 4 4 4 4 4 Most Carried 4 | 4 4 4 4 4 Average Carried 3 | 2 3 3 3 3 Final Capacity 4 | 4 4 4 4 4 Final Carried 4 | 3 4 4 4 4 Class Distribution -------------------- 100% | Mutant Dominant Class ---------------- Mutant | -10/Materials Mutant | -10/Mines Mutant | -10/Exiles Mutant | -9/Mines Resources | -11 -10 -10 -10 -9 ----------- Run | Scr Mat Min Exi Min Matter Collected 818 | 327 60 88 240 103 Remotely . | . . . . . Salvage Created 339 | 113 63 69 . 94 Parts 26 | 8 4 2 . 12 Haulers Intercepted . | . . . . . Recyclers Shooed 1 | . . . . 1 Parts Field Recycled . | . . . . . Retrieved Matter . | . . . . . Parts Self-Destructed . | . . . . . Prevented . | . . . . . Kills | -11 -10 -10 -10 -9 ------- Run | Scr Mat Min Exi Min Combat Hostiles Destroyed 9 | 1 2 2 . 4 Cannons 5 | . 2 2 . 1 AOE 4 | 1 . . . 3 Classes Destroyed 6 | 3 . . . 3 Worker 1 | 1 . . . . Builder 1 | . . . . 1 Tunneler 2 | 2 . . . . Recycler 1 | . . . . 1 Swarmer 4 | . . . . 4 Grunt 5 | 1 2 2 . . Best Kill Streak 6 | 3 2 2 . 6 Combat Bots Only 4 | 1 2 2 . 4 Max Kills in Single Turn 3 | 1 1 1 . 3 Gunslinging . | . . . . . Exploded 3 | 1 . . . 3 Melee . | . . . . . Uniques/NPCs Destroyed . | . . . . . Combat | -11 -10 -10 -10 -9 -------- Run | Scr Mat Min Exi Min Damage Taken 724 | 21 130 97 . 476 Core 263 | . 51 9 . 203 Absorbed by Shields 93 | . 56 37 . . Core Remaining (%) 100 | 100 . . . . Volleys Fired 32 | 8 9 8 . 7 Largest 2 | 2 2 2 . 2 Hottest 107 | 60 99 99 . 107 Shots Fired 63 | 15 18 16 . 14 Gun 15 | 15 . . . . Cannon 48 | . 18 16 . 14 Launcher . | . . . . . Special . | . . . . . Kinetic 31 | 7 9 8 . 7 Thermal 24 | . 9 8 . 7 Explosive . | . . . . . Electromagnetic 8 | 8 . . . . Robot Hit Streak 5 | 5 5 3 . 3 Robot Miss Streak 3 | 1 3 2 . 2 Penetration Max . | . . . . . Secondary Targets . | . . . . . Shots Hit Robots 34 | 10 10 10 . 4 Core Hits 17 | 5 3 3 . 6 Critical Hits . | . . . . . Critical Kills . | . . . . . Critical Parts Destroyed . | . . . . . Melee Attacks . | . . . . . Impact . | . . . . . Slashing . | . . . . . Piercing . | . . . . . Sneak Attacks . | . . . . . Combat Hostiles . | . . . . . Follow-up Attacks . | . . . . . Damage Inflicted 746 | 146 118 175 . 307 Guns 114 | 114 . . . . Cannons 419 | . 118 175 . 126 Explosions 213 | 32 . . . 181 Melee . | . . . . . Ramming . | . . . . . Kinetic 217 | 21 64 87 . 45 Thermal 436 | 32 54 88 . 262 Explosive . | . . . . . Electromagnetic 93 | 93 . . . . Impact . | . . . . . Slashing . | . . . . . Piercing . | . . . . . Highest Corruption . | . . . . . Average Corruption . | . . . . . Corruption Purged . | . . . . . Overload Shots . | . . . . . Overflow Damage . | . . . . . Projectiles . | . . . . . Explosions . | . . . . . Melee . | . . . . . Knockbacks . | . . . . . Impact . | . . . . . Kinetic . | . . . . . Secondary . | . . . . . Self-Inflicted Damage . | . . . . . Shots . | . . . . . Rammed . | . . . . . Targets Rammed . | . . . . . Kicked . | . . . . . Crushed . | . . . . . Highest Temperature 362 | 40 156 362 . 142 Average Temperature 101 | 25 78 183 . 71 Received Heat Transfer 80 | 12 18 50 . . Effects 2 | . . 2 . . Matter Decay 1 | . . 1 . . Short Circuit 1 | . . 1 . . Siege Activations . | . . . . . Robots Corrupted . | . . . . . Combat Hostiles . | . . . . . Parts Fried . | . . . . . Impact Corruptions . | . . . . . Robots Melted . | . . . . . Combat Hostiles . | . . . . . Parts Melted . | . . . . . Heat Transferred 744 | 50 111 185 . 398 Parts Sabotaged . | . . . . . Parts Stolen . | . . . . . Parts Stripped . | . . . . . Power Chain Reactions 1 | 1 . . . . Missiles Intercepted . | . . . . . Alert | -11 -10 -10 -10 -9 ------- Run | Scr Mat Min Exi Min Peak Influence 147 | 35 147 107 . 115 Initial 57 | . 22 57 . . Average 57 | 13 67 92 . 57 Maximum Alert Level . | . . . . . Low Security (%) 100 | 100 100 100 . 100 Level 1 . | . . . . . Level 2 . | . . . . . Level 3 . | . . . . . Level 4 . | . . . . . Level 5 . | . . . . . High Security . | . . . . . Max Security . | . . . . . Squads Dispatched . | . . . . . Investigation . | . . . . . Extermination . | . . . . . Reinforcement . | . . . . . Assault . | . . . . . Garrison . | . . . . . Intercept . | . . . . . Construction Impeded . | . . . . . Haulers Reinforced . | . . . . . Stealth | -11 -10 -10 -10 -9 --------- Run | Scr Mat Min Exi Min Distress Signals 2 | . 1 . . 1 Communications Jammed . | . . . . . Distress Signals . | . . . . . Times Spotted 15 | 1 6 2 . 6 Peak Tracking Total 7 | . 7 2 . 4 Tactical Retreats . | . . . . . Traps | -11 -10 -10 -10 -9 ------- Run | Scr Mat Min Exi Min Traps Triggered 2 | . 2 . . . Indirectly . | . . . . . Trap Hack Attempts . | . . . . . Triggered . | . . . . . Disarmed . | . . . . . Reprogrammed . | . . . . . Reused . | . . . . . Traps Extracted . | . . . . . Installed . | . . . . . Triggered . | . . . . . Machines | -11 -10 -10 -10 -9 ---------- Run | Scr Mat Min Exi Min Machines Disabled 3 | . 2 . . 1 Max in Single Turn 1 | . 1 . . 1 Machines Sabotaged . | . . . . . Garrisons Compromised . | . . . . . Overloaded Fab Kills . | . . . . . Fab Network Shutdowns . | . . . . . Hacking | -11 -10 -10 -10 -9 --------- Run | Scr Mat Min Exi Min Machines Accessed 4 | . . . 4 . Terminals . | . . . . . Fabricators . | . . . . . Repair Stations . | . . . . . Recycling Units . | . . . . . Scanalyzers . | . . . . . Garrison Access . | . . . . . Total Hacks 49 | . . . 49 . Successful 49 | . . . 49 . Failed . | . . . . . Catastrophic . | . . . . . Database Lockouts . | . . . . . Manual 2 | . . . 2 . Terminals . | . . . . . Fabricators . | . . . . . Repair Stations . | . . . . . Recycling Units . | . . . . . Scanalyzers . | . . . . . Garrison Access . | . . . . . Terminal Hacks 49 | . . . 49 . Record 49 | . . . 49 . Fabricator Hacks . | . . . . . Repair Station Hacks . | . . . . . Recycling Unit Hacks . | . . . . . Scanalyzer . | . . . . . Garrison Access Hacks . | . . . . . Unauthorized Hacks . | . . . . . Terminals . | . . . . . Fabricators . | . . . . . Repair Stations . | . . . . . Recycling Units . | . . . . . Scanalyzers . | . . . . . Garrison Access . | . . . . . Data Cores Recovered . | . . . . . Used . | . . . . . Hacking Detections . | . . . . . Full Trace Events . | . . . . . Feedback Events . | . . . . . Feedback Blocked . | . . . . . Robot Schematics Acquired . | . . . . . Robots Built . | . . . . . Matter . | . . . . . Time . | . . . . . Total Robot Build Rating . | . . . . . Part Schematics Acquired . | . . . . . Parts Built . | . . . . . Matter . | . . . . . Time . | . . . . . Total Part Build Rating . | . . . . . Parts Repaired . | . . . . . Time . | . . . . . Parts Recycled . | . . . . . Recycled Matter . | . . . . . Retrieved Matter . | . . . . . Retrieved Components . | . . . . . Parts Scanalyzed . | . . . . . Part Schematics Acquired . | . . . . . Parts Damaged . | . . . . . Bothacking | -11 -10 -10 -10 -9 ------------ Run | Scr Mat Min Exi Min Used RIF Installer . | . . . . . Robots Hacked . | . . . . . Non-combat . | . . . . . Combat . | . . . . . Robot Hacks Applied . | . . . . . Relay Couplers Released . | . . . . . Robots Rewired . | . . . . . Allies Hacked . | . . . . . Hacks Repelled . | . . . . . Allies | -11 -10 -10 -10 -9 -------- Run | Scr Mat Min Exi Min Total Allies 1 | . . 1 . . Largest Group 1 | . . 1 1 . Highest-Rated Group 31 | . . 31 31 . Highest-Rated Ally 31 | . . 31 31 . Total Orders . | . . . . . Ally Attacks . | . . . . . Total Damage . | . . . . . Kills . | . . . . . Allies Corrupted . | . . . . . Allies Melted . | . . . . . Intel | -11 -10 -10 -10 -9 ------- Run | Scr Mat Min Exi Min Robot Analysis Total . | . . . . . Derelict Logs Recovered . | . . . . . Drone Launches . | . . . . . Drone Recoveries . | . . . . . Exploration | -11 -10 -10 -10 -9 ------------- Run | Scr Mat Min Exi Min Turns Passed 1726 | 154 179 149 1170 74 Spaces Moved 1316 | 102 111 97 964 42 Core 26 | 22 . . . 4 Treads . | . . . . . Legs 1290 | 80 111 97 964 38 Wheels . | . . . . . Hover . | . . . . . Flight . | . . . . . Fastest Speed 50 | 50 120 120 120 50 Average Speed 118 | 104 120 120 120 114 Slowest Speed 120 | 120 120 120 120 120 Overloaded Moves . | . . . . . Propulsion Burnouts . | . . . . . Robots Hopped . | . . . . . Cave-ins Triggered . | . . . . . Exploration Rate (%) 31 | 6 24 16 94 16 Regions Visited 4 Branch Regions 3 Pre-discovered Areas 1 | . . . 1 . Known Exits Taken . | . . . . . Unknown Exits Taken 4 | 1 1 1 1 . Scrap Searched 2 | . . 1 . 1 Spaces Dug . | . . . . . Terrain Destroyed 15 | . 2 . . 13 Melee . | . . . . . Projectile 2 | . 2 . . . AOE 13 | . . . . 13 Terrain Rammed . | . . . . . Walls Destroyed . | . . . . . Machines Disabled . | . . . . . Actions | -11 -10 -10 -10 -9 --------- Run | Scr Mat Min Exi Min Total 1424 | 137 141 114 978 54 Wait 9 | 2 1 5 1 . Move 1312 | 101 110 96 963 42 Hop . | . . . . . Pick Up 29 | 14 8 1 4 2 Fast Attach 4 | . 1 1 2 . Attach 8 | 6 2 . . . Detach 2 | . 1 1 . . Swap 6 | 1 2 . 2 1 Drop 22 | 5 7 2 6 2 Fire 32 | 8 9 8 . 7 Melee . | . . . . . Ram . | . . . . . Kick . | . . . . . Crush . | . . . . . Escape Stasis . | . . . . . Rewire . | . . . . . Trap . | . . . . . Miscellaneous . | . . . . . Route ------- -11/Scrapyard -10/Materials -10/Mines -10/Exiles (discovered 2 exits: [*Min x2]) -9/Mines (discovered 1 exit: [*Mat]) History --------- Turn | Location | Event 2 | -11/Scrapyard | Met Revision 17 96 | -11/Scrapyard | Discovered new exit (range 8) 155 | -11/Scrapyard | Entered Materials 301 | -10/Materials | Discovered new exit (range 6) 332 | -10/Materials | Build established: Mutant 334 | -10/Materials | Entered Mines 419 | -10/Mines | Received a Mining Laser from a helpful Derelict 475 | -10/Mines | Deemed a non-threat by the Exiles lab entrance 477 | -10/Mines | Discovered new exit (range 5) 483 | -10/Mines | Entered Exiles 483 | -10/Exiles | Accompanied by 1 ally 522 | -10/Exiles | Met 8R-AWN 542 | -10/Exiles | Met EX-HEX 609 | -10/Exiles | Met EX-DEC 640 | -10/Exiles | Visited The Gauntlet 816 | -10/Exiles | Learned location of Zion (-7) 1097 | -10/Exiles | Discovered new exit (range 14) 1179 | -10/Exiles | Met EX-BIN 1203 | -10/Exiles | Aligned with FarCom system 1204 | -10/Exiles | Given EX-Vault access code 1252 | -10/Exiles | Opened EX-Vault 1275 | -10/Exiles | Found Prototype Device 1278 | -10/Exiles | Found Prototype Processor 1282 | -10/Exiles | Identified Skeleton Box 1283 | -10/Exiles | Identified Modified TNC 1352 | -10/Exiles | Warned to stay clear of 0b10 Research branches 1479 | -10/Exiles | Discovered new exit (range 14) 1653 | -10/Exiles | Stole two prototypes: Modified TNC, Skeleton Box 1653 | -10/Exiles | Entered Mines 1683 | -9/Mines | Discovered new exit (range 14) 1705 | -9/Mines | Assembled infested the area 1710 | -9/Mines | Assisted by a Guerilla fighting off Assembled 1724 | -9/Mines | Core integrity fell below 50% 1727 | -9/Mines | Destroyed by D-53 Grenadier with Mini Grenade Launcher Last Messages --------------- U-05 Engineer lays Concrete. R-06 Scavenger collects Structural Scanner. U-05 Engineer builds a Wall. C-30 ARC bursts open, deploying its payload. D-53 Grenadier unfolds itself. U-05 Engineer destroyed. R-06 Scavenger destroyed. K-01 Serf collects debris. U-05 Engineer lays Concrete. Particle Cannon destroyed. Aluminum Leg destroyed. U-05 Engineer lays Concrete. K-01 Serf collects debris. Lgt. Ion Engine destroyed. U-05 Engineer lays Concrete. Aluminum Leg destroyed. U-05 Engineer builds a Wall. Imp. Light Cannon destroyed. K-01 Serf collects debris. K-01 Serf destroyed. Map ----- +----------------------------------------------------+ | | | | | | | | | | | | | | | | | | | | | | | | | | | | | | | ?????????????????????????????????????????????????? | | ?????????????????????????????????????????????????? | | ????????????????????????####????????????####?????? | | ???????????????????????## ##??????????? ##????? | | ????????????????####??## #??????????? ##???? | | ???????????????## ### < #??????????? #???? | | ???????????????# ##?????????? ????? | | ???????????????? #??????????# #????? | | ??????????????????? = ##????????## ##???? | | ?????????????????????# #???????## ##??? | | ?????????????????????# @ #??????## ##?? | | ?????????????????????# ##?????# #?? | | ????????????????????## ##????# #??? | | ????????????????????# #????# #???? | | ????????????????????## ###### ##???? | | ????????????????????# ##????? | | ????????????????????## ! [ #?????? | | ?????????????????????# ###### #????? | | ?????????????????????### dd # #????## #????? | | ???????????????????????## % #?????## ##????? | | ????????????????????????# #???????##?????? | | ????????????????????????# * != ##??????????????? | | ????????????????????????## %! #???????????????? | | ?????????????????????????# = * #???????????????? | | ?????????????????????????## =* ##??????????????? | | ?????????????????????????# * #??????????????? | | ?????????????????????????## ##??????????????? | | ???????????????????????? #???????????????? | | ??????????????????????# ## # #???????????????? | | ?????????????????????????### #???????????????? | | ??????????????????????????## #???????????????? | | ??????????????????????????? #???????????????? | | ???????????????????????????# #???????????????? | | ???????????????????????????#######???????????????? | | ?????????????????????????????????????????????????? | +----------------------------------------------------+ Best States ------------- Heat Dissipation 25 Energy Generation 10 Energy Capacity 125 Matter Stores 400 Matter Capacity 400 Sight Range 16 Terrain Scan Density 10 Evasion (%) 50 Item Schematics ----------------- None Robot Schematics ------------------ None Fabricated ------------ Nothing Alien Tech Used ----------------- None Achievements -------------- Librarian Challenges ------------ None Game ------ Seed AluminumIonTerrabomb Manual? 0 Play Time 00:45:31 Cumulative 2.8 hours Start 2022.02.01 @ 19:34:28 End 2022.02.01 @ 20:32:07 Sessions 1 Manual Loads 0 Difficulty Rogue Special Mode None Game No. 2 Rogue 2 Adventurer 0 Explorer 0 Win Type - Total 0 Types 0/0/0/0/0/0/0/0/0 Lore% 11 Gallery% 5 Achievement% 5 Wizard Run 0 Options --------- ASCII 1 Keyboard 1 Movement Numpad Keybinds 0 Fullscreen 1 Font 24/Proggy Map View 113x50 Tactical HUD 0 Map Filters NONE Filters NONE Steam 1 RUN: 7e787177-c2c7-498d-b6fe-bf01a321ca68